 Dungeon Crawl Stone Soup version 0.28.0-53-g5a82cb258f (webtiles) character file.

Game seed: 7175122775920927381

163 MiltankisOP the Skirmisher (level 5, -2/35 HPs)
             Began as a Gargoyle Fighter on June 14, 2022.
             Slain by a killer bee (3 damage)
             ... on level 3 of the Dungeon.
             The game lasted 00:03:44 (3518 turns).

MiltankisOP the Skirmisher (Gargoyle Fighter)       Turns: 3518, Time: 00:03:45

Health: -2/35      AC: 13    Str: 22    XL:     5   Next: 44%
Magic:  5/5        EV:  9    Int:  8    God:
Gold:   166        SH:  4    Dex:  9    Spells: 4/4 levels left

rFire   . . .      SeeInvis .   a - +0 flail
rCold   . . .      Faith    .   c - +0 buckler
rNeg    + . .      Spirit   .   b - +0 scale mail
rPois   ∞          Reflect  .   n - +0 helmet
rElec   +          Harm     .   (no cloak)
rCorr   .          Rampage  .   (no gloves)
Will    .....                   r - +0 pair of boots
Stlth   ..........              (no amulet)
HPRegen 0.11/turn               (no ring)
MPRegen 0.09/turn               (no ring)

@: no status effects
A: sickness immunity, AC +4, negative energy resistance 1, electricity
resistance, torment resistance 1, petrification resistance
a: no special abilities


You were on level 3 of the Dungeon.
You visited 1 branch of the dungeon, and saw 4 of its levels.

You collected 166 gold pieces.

Inventory:

Hand Weapons
 a - a +0 flail (weapon)
Missiles
 i - a throwing net (quivered)
Armour
 b - a +0 scale mail (worn)
 c - a +0 buckler (worn)
 n - a +0 helmet (worn)
 o - a +0 ring mail of willpower
 r - a +0 pair of boots (worn)
Jewellery
 g - a ring of protection from fire
 k - a ring of protection from fire
 p - a +4 ring of protection
Scrolls
 f - 2 scrolls of brand weapon {unknown}
 l - a scroll of fog {unknown}
 m - 3 scrolls of identify {unknown}
 q - a scroll of vulnerability {unknown}
 s - a scroll of blinking {unknown}
 t - a scroll of fear {unknown}
Potions
 d - a potion of might
 e - a potion of curing {unknown}
 h - a potion of haste {unknown}
 j - a potion of attraction {unknown}


   Skills:
 + Level 5.2 Fighting
 + Level 4.0 Maces & Flails
 - Level 3.2 Armour
 - Level 3.2 Shields


You had 4 spell levels left.
You didn't know any spells.
Your spell library contained the following spells:

 Spells                   Type           Power      Damage    Failure   Level
 Sandblast                Erth           0%         2d4       83%         1
 Passwall                 Tmut/Erth      0%         N/A       92%         2
 Stone Arrow              Conj/Erth      0%         3d7       99%         3


Dungeon Overview and Level Annotations

Branches:
Dungeon (4/15)
 Temple: D:4-7

Altars:
Xom


Innate Abilities, Weirdness & Mutations

You are immune to sickness and miasma.
Your stone body is resilient. (AC +4)
You are immune to poison.
You resist negative energy. (rN+)
You are resistant to electric shocks. (rElec)
You are resistant to unholy torment.
You are immune to petrification.


Message History

You see here a bullfrog corpse.
A giant cockroach and 2 killer bees come into view.
The killer bee buzzes angrily. x2; You hear an angry buzzing noise. x2
A killer bee comes into view. x3
An orc warrior, 2 orc priests and a killer bee come into view.
The orc warrior shouts!
The orc priest shouts! x2
The killer bee buzzes angrily. x3
The killer bee stings you!
The killer bee stings you but does no damage.
You hit the orc wizard but do no damage.
The killer bee closely misses you.
The orc wizard gestures at you while chanting.
The magic dart hits you! The killer bee stings you.
The orc wizard hits you but does no damage.
You are too injured to fight recklessly!
You are too injured to fight recklessly!
The killer bee stings you.
* * * LOW HITPOINT WARNING * * *
The killer bee stings you.
* * * LOW HITPOINT WARNING * * *
You see here a bullfrog corpse.
The killer bee stings you but does no damage.
The killer bee stings you but does no damage.
The killer bee stings you.
* * * LOW HITPOINT WARNING * * *
The giant cockroach waves its antennae.
The killer bee barely misses you.
There is a stone staircase leading up here.
The killer bee barely misses you. You block the killer bee's attack.
You climb upwards.
There is a stone staircase leading down here.
You hit the killer bee.
The killer bee is lightly wounded.
You block the killer bee's attack. The killer bee stings you.
* * * LOW HITPOINT WARNING * * *
The killer bee barely misses you.
You closely miss the killer bee.
The killer bee is lightly wounded.
You block the killer bee's attack. The killer bee stings you.
You die...

##...# ##.......##
##)#.# #...# ##.....##
###.# #...# ##...##
#.# ##.### ##'## #.#
##...## #.# #.#
##.#.#.## #.# #.#
#.##.##.######.####
#.#
#.##..............####
#.#
#.#####.####@........#
#.# ##.###.##
#.y..#.##.#####.#
##...##
#...............#
#####
#.........#######
#......#### ###.####
#.# ######.##
#.....<.# ###


You could see a killer bee.

Vanquished Creatures
  A bullfrog (D:4)
  An iguana (D:3)
  2 adders
  A worm (D:2)
  2 dart slugs
  An orc (D:3)
  A ball python (D:3)
  5 bats
  9 endoplasms
  9 goblins
  3 hobgoblins
  3 kobolds
  A quokka (D:3)
  A ball python skeleton (D:3)
  5 frilled lizards
  2 rats (D:3)
47 creatures vanquished.

Notes
Turn   | Place    | Note
-------+----------+-------------------------------------------
     0 | D:1      | MiltankisOP the Gargoyle Fighter began the quest for the
                  | Orb.
     0 | D:1      | Reached XP level 1. HP: 14/14 MP: 1/1
    66 | D:1      | Found a faded altar of an unknown god.
    81 | D:1      | Reached XP level 2. HP: 1/19 MP: 2/2
  1153 | D:2      | Reached skill level 4 in Fighting
  1153 | D:2      | Reached XP level 3. HP: 21/24 MP: 3/3
  2395 | D:3      | Reached XP level 4. HP: 30/30 MP: 4/4
  2685 | D:3      | Found a shimmering altar of Xom.
  3469 | D:4      | Noticed a bullfrog
  3489 | D:4      | Killed a bullfrog
  3490 | D:4      | Reached skill level 5 in Fighting
  3490 | D:4      | Reached XP level 5. HP: 33/35 MP: 5/5
  3507 | D:4      | Noticed an orc warrior
  3517 | D:3      | HP: 1/35 [killer bee (1)]
  3518 | D:3      | Slain by a killer bee

Illustrated notes

Levels and vault maps discovered:
D:1:      lightli_arrival_windingriver, layout_rooms,
          shapermc_ecumenical_altar_starsandcircs, serial_park_tiny_pond
D:2:      layout_basic
D:3:      layout_loops_corners, mainiacjoe_overflow_24_doors, minmay_unequal
D:4:      layout_basic, uniq_robin, uniq_menkaure

Skill      XL: |  1  2  3  4 |
---------------+-------------+-----
Fighting       | 4 5 |  5.2
Maces & Flails | 3 4 |  4.0
Armour         | |  3.2
Shields        | |  3.2

Action                   |  1- 3 |  4- 6 || total
-------------------------+-------+-------++-------
Melee: Flail             |   109 |    71 ||   180
Armor: Scale mail        |    65 |    39 ||   104
Dodge: Dodged            |    58 |    39 ||    97
Block: Buckler           |    22 |    20 ||    42
